 Dungeon Crawl Stone Soup version 0.28.0-53-g5a82cb258f (webtiles) character file.

Game seed: 13046320999615485931

5399 cbfl8 the Protected (level 10, 0/90 HPs)
             Began as a Minotaur Berserker on July 22, 2022.
             Was an Elder of Trog.
             Slain by a two-headed ogre
             ... wielding a +0 giant spiked club
              (23 damage)
             ... on level 10 of the Dungeon.
             The game lasted 00:14:13 (12076 turns).

cbfl8 the Protected (Minotaur Berserker)           Turns: 12076, Time: 00:14:13

Health: 0/90       AC: 16    Str: 23    XL:     10   Next: 40%
Magic:  9/9        EV:  9    Int:  4    God:    Trog [****..]
Gold:   503        SH:  0    Dex: 13    Spells: 9/9 levels left

rFire   . . .      SeeInvis +   y - +0 war axe (flame)
rCold   . . .      Faith    .   (no shield)
rNeg    . . .      Spirit   .   f - +0 plate armour
rPois   .          Reflect  .   (helmet restricted)
rElec   .          Harm     .   (no cloak)
rCorr   .          Rampage  .   (no gloves)
Will    .....                   x - +1 pair of boots
Stlth   ..........              (no amulet)
HPRegen 0.25/turn               B - ring of see invisible
MPRegen 0.11/turn               (no ring)

@: marked
A: horns 2, retaliatory headbutt
a: Renounce Religion, Berserk, Trog's Hand, Brothers in Arms


You were on level 10 of the Dungeon.
You worshipped Trog.
Trog was greatly pleased with you.
You visited 1 branch of the dungeon, and saw 10 of its levels.
You also visited: Sewer.

You collected 503 gold pieces.

Inventory:

Hand Weapons
 a - a +0 hand axe
 m - the +7 mace of Iwoqeap {freeze, Will+ Dex+4}
   (You found it on level 3 of the Dungeon)

   It freezes those it strikes, dealing additional cold damage.
   It can also slow down cold-blooded creatures.
   Dex:       It affects your dexterity (+4).
   Will:      It increases your willpower.
 y - a +0 war axe of flaming (weapon)
Armour
 b - a +0 animal skin
 f - a +0 plate armour (worn)
 t - a +0 pair of boots
 x - a +1 pair of boots (worn)
Jewellery
 B - a ring of see invisible (left hand)
Wands
 q - a wand of flame (52)
 v - a wand of iceblast (7)
Scrolls
 c - 4 scrolls of teleportation {unknown}
 d - 6 scrolls of enchant weapon {unknown}
 i - 3 scrolls of fog {unknown}
 j - 3 scrolls of fear {unknown}
 l - 2 scrolls of magic mapping {unknown}
 n - 3 scrolls of blinking {unknown}
 p - 2 scrolls of amnesia {unknown}
 s - a scroll of torment {unknown}
 u - 12 scrolls of identify {unknown}
 w - a scroll of immolation {unknown}
Potions
 e - 2 potions of haste {unknown}
 g - a potion of might
 h - a potion of brilliance
 k - 2 potions of resistance
 o - 2 potions of invisibility {unknown}
 r - 2 potions of curing
 z - a potion of cancellation {unknown}
 A - a potion of berserk rage {unknown}


   Skills:
 * Level 8.7 Fighting
 + Level 8.3(9.7) Axes
 + Level 7.6(9.3) Maces & Flails
 + Level 9.0 Armour
 * Level 5.7 Dodging
 * Level 4.1 Stealth
 * Level 3.8 Evocations


You had 9 spell levels left.
You didn't know any spells.
Your spell library was empty.

Dungeon Overview and Level Annotations

Branches:
Dungeon (10/15)            Temple (0/1) D:7            Lair (0/6) D:9
  Sewer (visited)
    Orc: D:9-12

Altars:
Makhleb

Shops:
D:4 **

Annotations:
D:10 Grum


Innate Abilities, Weirdness & Mutations

You have a pair of horns on your head.
You reflexively headbutt those who attack you in melee.


Message History

Unknown command.
You start resting.
HP restored.
You start waiting.
Done waiting.
You see here a +0 flail.
Things that are here:
a +0 mace; an orc corpse
Items here: )) [ †.
Things that are here:
a +0 dagger; a +0 robe A sourceless malevolence fills the Dungeon...
With a horrendous wail, an alarm goes off!
A sentinel's mark forms upon you.
You hear an angry hiss.
You hear a shout!
You hear two shouts!
You hear a shout!
A two-headed ogre comes into view.
It is wielding a +0 giant spiked club and a +0 dire flail.
A centaur comes into view.
The centaur wields a +0 shortbow.
The centaur shoots an arrow.
The arrow hits you but does no damage.
The centaur shoots an arrow.
The arrow hits you.
The centaur shoots an arrow.
The arrow hits you but does no damage.
The two-headed ogre hits you with a +0 giant spiked club!
The two-headed ogre hits you but does no damage.
The centaur shoots an arrow.
The arrow barely misses you.
The centaur shoots an arrow.
The arrow closely misses you.
The centaur shoots an arrow.
The arrow hits you.
The two-headed ogre hits you with a +0 giant spiked club!
The two-headed ogre barely misses you.
The centaur shoots an arrow.
The arrow barely misses you.
The gargoyle hurls a stone arrow at you.
The stone arrow hits you.
The centaur shoots an arrow.
The arrow hits you.
The gargoyle hurls a stone arrow at you.
The stone arrow hits you!!
The centaur shoots an arrow.
The arrow closely misses you.
The centaur shoots an arrow.
The arrow hits you.
The centaur shoots an arrow.
The arrow hits you.
* * * LOW HITPOINT WARNING * * *
The two-headed ogre hits you with a +0 giant spiked club!!
You die...

≈≈ #.# ≈≈ #.# ...... ≈≈≈≈ +.#
......#####≈≈ #.#
............# #.# ...........#
#.#######
#.........#########........
#.........@................
#........O.................
+..........................
#........9.....###'#.......
####..............#...#...o...
.............c....#...#.......
######............#...'.......
#............#...#...####
#............#####...#


You could see a two-headed ogre, a gargoyle and a centaur.

Vanquished Creatures
  3 two-headed ogres
  A hornet (D:8)
  Grinder (D:3)
  A wyvern (D:9)
  2 water moccasins
  Pargi (Sewer)
  An orc warrior (D:8)
  5 ogres
  A sky beast (D:5)
  A black bear (D:5)
  2 wolves (D:9)
  4 centaurs
  A phantom (D:4)
  A bullfrog (D:8)
  6 killer bees
  5 wights (D:9)
  7 orc priests
  A centaur skeleton (D:7)
  3 hounds
  A jelly (D:6)
  6 iguanas
  Terence (D:3)
  7 orc wizards
  A killer bee zombie (D:6)
  2 howler monkey zombies
  10 adders
  A shadow imp (D:7)
  A white imp (D:8)
  An ufetubus (D:7)
  3 worms
  6 dart slugs
  32 orcs
  7 endoplasms
  7 giant cockroaches
  7 goblins
  4 hobgoblins
  12 quokkas
  9 ball pythons
  6 bats
  5 frilled lizards
  12 kobolds
  8 rats
196 creatures vanquished.

Vanquished Creatures (others)
  An orc wizard (D:9)
1 creature vanquished.

Grand Total: 197 creatures vanquished

Notes
Turn   | Place    | Note
-------+----------+-------------------------------------------
     0 | D:1      | cbfl8 the Minotaur Berserker began the quest for the Orb.
     0 | D:1      | Reached XP level 1. HP: 19/19 MP: 0/0
   766 | D:1      | Reached XP level 2. HP: 22/27 MP: 1/1
  1797 | D:1      | Reached XP level 3. HP: 25/33 MP: 2/2
  2977 | D:2      | Reached XP level 4. HP: 41/41 MP: 3/3
  3092 | D:2      | Found a faded altar of an unknown god.
  3149 | D:2      | You fall into a shaft and drop 1 floor!
  3211 | D:2      | Reached ** piety under Trog
  3212 | D:2      | Reached skill level 1 in Stealth
  3361 | D:2      | Reached skill level 5 in Axes
  3721 | D:3      | Noticed Terence
  3731 | D:3      | Killed Terence
  3732 | D:3      | Reached skill level 3 in Armour
  3866 | D:3      | Reached XP level 5. HP: 47/47 MP: 4/4
  3991 | D:3      | Noticed Grinder
  4010 | D:3      | Killed Grinder
  4011 | D:3      | Reached skill level 5 in Fighting
  4011 | D:3      | Reached skill level 4 in Armour
  4011 | D:3      | Reached XP level 6. HP: 56/56 MP: 5/5
  4539 | D:3      | Identified the +7 mace of Iwoqeap {freeze, Will+ Dex+4}
  5103 | D:4      | Found Vujitom's Mass Market.
  5134 | D:4      | Found Ufygoipn's Neck Hole.
  5191 | D:4      | Reached XP level 7. HP: 31/61 MP: 6/6
  5277 | D:4      | Reached skill level 1 in Maces & Flails
  5418 | D:4      | Found a glowing drain.
  5426 | D:4      | Reached skill level 5 in Armour
  5444 | Sewer    | Entered a sewer
  5505 | Sewer    | Noticed Pargi
  5513 | Sewer    | Killed Pargi
  5684 | D:4      | Reached *** piety under Trog
  6451 | D:5      | Entered Level 5 of the Dungeon
  6458 | D:5      | Reached skill level 6 in Armour
  6458 | D:5      | Reached XP level 8. HP: 59/70 MP: 7/7
  7010 | D:5      | Reached skill level 5 in Maces & Flails
  7148 | D:6      | Reached skill level 1 in Evocations
  7758 | D:7      | Reached skill level 7 in Armour
  8105 | D:7      | Reached XP level 9. HP: 71/78 MP: 8/8
  8298 | D:7      | Noticed a two-headed ogre
  8308 | D:7      | Killed a two-headed ogre
  8700 | D:7      | Found a staircase to the Ecumenical Temple.
  9168 | D:8      | Paralysed by a hornet for 2 turns
  9175 | D:8      | Paralysed by a hornet for 2 turns
  9178 | D:8      | Reached skill level 8 in Armour
  9182 | D:8      | HP: 3/79 [poisoned by a hornet]
  9183 | D:8      | HP: 1/79 [poisoned by a hornet]
 10631 | D:8      | Reached skill level 5 in Dodging
 10870 | D:9      | Noticed a two-headed ogre
 10876 | D:9      | Killed a two-headed ogre
 10877 | D:9      | Reached XP level 10. HP: 88/88 MP: 9/9
 10961 | D:9      | Found a staircase to the Lair.
 11085 | D:9      | Found a burning altar of Makhleb.
 11236 | D:9      | Reached **** piety under Trog
 11318 | D:9      | Noticed a two-headed ogre
 11326 | D:9      | Killed a two-headed ogre
 11327 | D:9      | Reached skill level 9 in Armour
 11661 | D:10     | Entered Level 10 of the Dungeon
 11661 | D:10     | Noticed a gargoyle
 11807 | D:10     | Noticed Grum
 12065 | D:10     | Noticed a two-headed ogre
 12076 | D:10     | Slain by a two-headed ogre

Illustrated notes

Levels and vault maps discovered:
D:1:      scummos_arrival_star, layout_loops_corners, palyth_stone_intersect,
          minmay_3d_cube
D:2:      layout_loops_ring, ebering_ecumenical_altar_mist
D:3:      layout_loops_corners, kennysheep_generic_room_5, uniq_terence,
          uniq_grinder
D:4:      layout_gridville, gup_sewer_entry_pipe, minmay_shop_mass,
          nicolae_shop_sticking_my_neck_out
D:5:      layout_rooms, water_boxes_lemuel
D:6:      layout_rooms
D:7:      nicolae_cairo_tiling, layout_rooms, minmay_temple_entry_poolview
D:8:      minmay_slanted_spiral_squares, layout_basic
D:9:      layout_long_grid, mainiacjoe_overflow_paths, dpeg_oklobed_lair
D:10:     layout_irregular_city, serial_shops, nicolae_shop_waterfront,
          uniq_grum

Skill      XL: |  1  2  3  4  5  6  7  8  9 10 |
---------------+-------------------------------+-----
Axes           | 4 5 6 7 8 |  8.3
Fighting       | 4 5 6 8 |  8.7
Stealth        | 1 2 3 4 |  4.1
Armour         | 3 4 6 7 8 9 |  9.0
Maces & Flails | 4 6 7 |  7.6
Dodging        | 3 4 5 |  5.7
Evocations     | 1 3 |  3.8

Action                   |  1- 3 |  4- 6 |  7- 9 | 10-12 || total
-------------------------+-------+-------+-------+-------++-------
Melee: Hand axe          |    85 |    70 |       |       ||   155
       Headbutt          |    11 |    13 |    39 |     4 ||    67
       Punch             |     1 |     2 |     1 |       ||     4
       Mace              |       |    27 |   196 |       ||   223
       War axe           |       |       |    34 |    50 ||    84
Invok: Berserk           |       |     2 |     4 |     2 ||     8
       Trog's Hand       |       |       |     1 |     1 ||     2
  Use: Potion            |       |       |     5 |       ||     5
 Stab: Sleeping          |     1 |       |       |       ||     1
Armor: Animal skin       |     6 |       |       |       ||     6
       Plate armour      |    28 |    48 |   167 |    41 ||   284
Dodge: Dodged            |    43 |    35 |   110 |    44 ||   232
